 Dungeon Crawl Stone Soup version 0.17-a0-1805-g6093636 (webtiles) character file.

1651 MartinZepigue the Ducker (level 8, 0/73 HPs)
             Began as a Deep Dwarf Berserker on Sept 12, 2015.
             Was an Elder of Trog.
             Slain by a red ugly thing (27 damage)
             ... on level 6 of the Dungeon.
             The game lasted 00:55:51 (4008 turns).

MartinZepigue the Ducker (Deep Dwarf Berserker)     Turns: 4008, Time: 00:55:51

Health: 0/73       AC: 10    Str: 22    XL:     8   Next: 68%
Magic:  8/8        EV: 12    Int:  9    God:    Trog [****..]
Gold:   215        SH: 10    Dex: 12    Spells: 0 memorised, 7 levels left

rFire  x . .     SeeInvis +     v - +4 short sword (holy)
rCold  + . .     Clarity  +     r - +2 ring mail {MR+}
rNeg   . . .     SustAt   .     h - +0 shield
rPois  .         Gourm    .     F - +0 helmet
rElec  .         Spirit   .     (no cloak)
rCorr  .         Warding  .     (no gloves)
rMut   .         Stasis   .     g - +0 pair of boots
MR     ++...                    (no amulet)
Stlth  +.........               B - ring of see invisible
                                O - ring of ice

@: non-regenerating, very resistant to hostile enchantments, very unstealthy
A: damage resistance, recharge devices, slimy green scales 1, berserk 1,
clarity, deformed body, sense surroundings 1, slow healing 3
a: Device Recharging, Burn Spellbooks, Berserk, Trog's Hand, Brothers in Arms,
Renounce Religion


You were on level 6 of the Dungeon.
You worshipped Trog.
Trog was greatly pleased with you.
You were not hungry.

You visited 1 branch of the dungeon, and saw 6 of its levels.

You collected 215 gold pieces.

Inventory:

Hand weapons
 a - a +1 hand axe
 f - a +0 hunting sling
 i - a +0 spear
 k - a +0 short sword
 v - a +4 short sword of holy wrath (weapon)
 y - a +0 dagger of venom
 E - a +3 rapier
 J - a +0 great sword
 M - a +0 hand axe
 N - a +0 shortbow
 R - a +0 hand axe
Missiles
 e - 271 stones (quivered)
 j - 13 poisoned needles
 m - 96 arrows
 o - 45 bolts
 S - 14 arrows of flame
Armour
 b - a +0 animal skin
 g - a +0 pair of boots (worn)
 h - a +0 shield (worn)
 l - a +0 scale mail
 p - a +0 ring mail
 r - a +2 ring mail of magic resistance (worn)
 F - a +0 helmet (worn)
 G - a cursed +0 animal skin
 I - a +0 robe
Jewellery
 z - a -3 ring of evasion
 B - a ring of see invisible (right hand)
 O - a ring of ice (left hand)
 U - an uncursed ring of poison resistance {unknown}
Magical devices
 c - a wand of heal wounds (5)
 Q - a wand of fireball (1)
Scrolls
 q - 4 scrolls of identify
 u - a scroll of enchant armour {unknown}
 w - a scroll of fog {unknown}
 C - a scroll of noise {unknown}
 D - a scroll of magic mapping {unknown}
 H - a scroll of amnesia {unknown}
 K - a scroll of remove curse
 T - a scroll of teleportation {unknown}
Potions
 n - a potion of degeneration
 x - a potion of berserk rage {unknown}
 L - a potion of haste
 P - 2 potions of curing
Comestibles
 d - a bread ration
 s - a chunk of flesh
 t - a meat ration
 A - an inedible chunk of flesh


   Skills:
 + Level 4.9 Fighting
 + Level 1.5 Short Blades
 + Level 5.3 Axes
 + Level 5.5 Armour
 + Level 6.8 Dodging
 + Level 1.0 Stealth
 + Level 5.0 Shields
 + Level 1.1 Evocations


You had 7 spell levels left.
You didn't know any spells.

Dungeon Overview and Level Annotations

Branches:
Dungeon (6/15)
 Temple: D:4-7

Altars:
Gozag
Qazlal
Ru
Sif Muna
Trog
Xom
Zin

Shops:
D:4 *


Innate Abilities, Weirdness & Mutations

You are resistant to damage.
You can recharge devices by infusing magical energy.
You passively map a small area around you.
You do not heal naturally.
You are partially covered in slimy green scales (AC +2).
You tend to lose your temper in combat.
You possess an exceptional clarity of mind.
Armour fits poorly on your strangely shaped body.


Message History

The centaur is lightly wounded.
You block the centaur's attack.
You puncture the centaur!
The centaur is heavily wounded.
You block the centaur's attack.
You hit the red ugly thing.
The red ugly thing is lightly wounded.
The red ugly thing engulfs you but does no damage.
The centaur wields a shortbow.
The centaur shoots an arrow.
The arrow misses you.
You hit the red ugly thing.
The red ugly thing is lightly wounded.
The centaur shoots an arrow.
The arrow completely misses you. The red ugly thing barely misses you.
You hit the red ugly thing.
The red ugly thing is lightly wounded.
The centaur shoots an arrow.
The arrow hits you. The red ugly thing engulfs you.
You are engulfed in flames!!
The fire burns you terribly!
You die...

##.########...
#..# ### ##.##
##.## #.##
##.# ##.##
##(## #.@# * *
* * *
*#%#u......
*#.......... *
#..c........,
#.#......... ,
* .##.........
, ..
#.$....... *
.. *#........#
* * *


You could see a red ugly thing and a centaur.

Vanquished Creatures
  Pikel (D:4)
  A water moccasin (D:4)
  Eustachio (D:4)
  The ghost of dadoka the Insei, an average OpTm (D:6)
  A sky beast (D:6)
  2 centaurs (D:5)
  3 scorpions
  A crimson imp (D:5)
  A jelly (D:5)
  3 hounds (D:5)
  Ijyb (D:3)
  A giant frog skeleton (D:5)
  Natasha (thrice) (D:2)
  A hound zombie (D:5)
  Robin (D:4)
  5 adders
  2 oozes
  A worm (D:3)
  An adder skeleton (D:5)
  4 giant geckos
  An orc (D:5)
  7 bats
  8 giant cockroaches
  13 goblins
  11 hobgoblins
  2 quokkas
  A giant newt (D:2)
  4 jackals (D:1)
  3 kobolds
  9 rats
  A plant (D:1)
95 creatures vanquished.

Vanquished Creatures (others)
  A slave (D:4)
  Blork the orc (D:4)
  A worker ant (D:4)
  An adder (D:4)
  A giant gecko (D:4)
  2 ball pythons (D:4)
7 creatures vanquished.

Grand Total: 102 creatures vanquished

Notes
Turn   | Place    | Note
--------------------------------------------------------------
     0 | D:1      | MartinZepigue the Deep Dwarf Berserker began the quest for the Orb.
     0 | D:1      | Reached XP level 1. HP: 20/20 MP: 1/1
   246 | D:1      | Reached XP level 2. HP: 20/27 MP: 2/2
   878 | D:1      | Acquired Trog's second power
   936 | D:2      | Noticed Natasha
   960 | D:2      | Killed Natasha
   960 | D:2      | Reached XP level 3. HP: 31/34 MP: 3/3
   976 | D:2      | Noticed Natasha
   992 | D:2      | Killed Natasha
  1170 | D:2      | Reached XP level 4. HP: 32/42 MP: 4/4
  1237 | D:2      | Noticed Natasha
  1242 | D:2      | Killed Natasha
  1359 | D:2      | Found a sacrificial altar of Ru.
  1360 | D:2      | Found an opulent altar of Gozag.
  1362 | D:2      | Found a deep blue altar of Sif Muna.
  1366 | D:2      | Found a stormy altar of Qazlal.
  1367 | D:2      | Found a glowing silver altar of Zin.
  1699 | D:3      | Noticed Ijyb
  1727 | D:3      | Killed Ijyb
  1935 | D:3      | Reached XP level 5. HP: 28/49 MP: 5/5
  2015 | D:3      | Found a bloodstained altar of Trog.
  2029 | D:3      | Found a shimmering altar of Xom.
  2047 | D:3      | Found a shimmering altar of Xom.
  2048 | D:3      | Found a shimmering altar of Xom.
  2048 | D:3      | Found a shimmering altar of Xom.
  2049 | D:3      | Found a shimmering altar of Xom.
  2051 | D:3      | Found a shimmering altar of Xom.
  2140 | D:4      | Noticed dadoka's ghost (average OpTm)
  2173 | D:4      | Noticed a slave
  2175 | D:4      | Noticed Pikel
  2176 | D:4      | Noticed a slave
  2182 | D:4      | Noticed a slave
  2182 | D:4      | Noticed a slave
  2193 | D:4      | Killed Pikel
  2193 | D:4      | Reached skill level 4 in Fighting
  2193 | D:4      | Reached skill level 1 in Evocations
  2193 | D:4      | Reached XP level 6. HP: 41/57 MP: 6/6
  2193 | D:4      | Reached XP level 7. HP: 46/64 MP: 7/7
  2252 | D:4      | Noticed Robin
  2258 | D:4      | Noticed Eustachio
  2269 | D:4      | Killed Robin
  2293 | D:4      | Killed Eustachio
  2293 | D:4      | Reached skill level 5 in Axes
  2293 | D:4      | Reached skill level 5 in Dodging
  2446 | D:4      | Killed a freed slave
  2449 | D:4      | Noticed a water moccasin
  2472 | D:4      | Killed a water moccasin
  2486 | D:4      | Found Zunuthr Vagur's Serpentskin Sales.
  2679 | D:4      | Killed Blork the orc
  2830 | D:5      | Entered Level 5 of the Dungeon
  2930 | D:5      | Reached XP level 8. HP: 39/73 MP: 8/8
  2979 | D:5      | You fall through a shaft!
  3188 | D:5      | Reached skill level 5 in Armour
  3214 | D:5      | Reached skill level 6 in Dodging
  3574 | D:5      | Acquired Trog's third power
  3820 | D:6      | Reached skill level 1 in Short Blades
  3824 | D:6      | Gained mutation: You tend to lose your temper in combat. [mutagenic meat]
  3825 | D:6      | Gained mutation: You are partially covered in slimy green scales (AC +2). [mutagenic meat]
  3826 | D:6      | Gained mutation: Armour fits poorly on your strangely shaped body. [mutagenic meat]
  3856 | D:6      | Killed dadoka's ghost
  3856 | D:6      | Reached skill level 5 in Shields
  3955 | D:6      | Reached skill level 1 in Stealth
  3959 | D:6      | Gained mutation: You possess an exceptional clarity of mind. [potion of mutation]
  4001 | D:6      | Noticed a red ugly thing
  4008 | D:6      | Slain by a red ugly thing

Vault maps used:
D:1:      lemuel_arrival_muddy
D:2:      grunt_temple_overflow_open, uniq_natasha
D:3:      xom_redecorated, bloody_trog, uniq_iyjb
D:4:      guppyfry_shop_venom, uniq_blork_the_orc, uniq_eustachio, uniq_robin,
          uniq_pikel
D:5:      first_bread, minmay_crystal_water, hangedman_glass_teeth,
          hangedman_decor_clover_reticule, corexii_checkpoint_a
D:6:      serial_bayou_pond_a

Action                   |  1- 3 |  4- 6 |  7- 9 || total
-------------------------+-------+-------+-------++-------
Melee: Hand axe          |   170 |   157 |    51 ||   378
       Short sword       |       |       |   118 ||   118
Invok: Berserk           |     1 |     2 |     3 ||     6
Evoke: Wand              |     4 |     2 |     5 ||    11
  Use: Scroll            |     2 |     1 |     5 ||     8
       Potion            |       |     2 |     2 ||     4
  Eat: Chunk             |     2 |     4 |     6 ||    12
       Bread ration      |       |       |     2 ||     2
       Pizza             |       |       |     1 ||     1
